 Dungeon Crawl Stone Soup version 0.31-a0-654-gbe3e110b4e (webtiles) character file.

Game seed: 15856294031905309993

134 Ekaitz the Firebug (level 4, -4/25 HPs)
             Began as a Deep Elf Fire Elementalist on Aug 29, 2023.
             Killed by divine providence
             ... invoked by an orc priest
              (12 damage)
             ... on level 3 of the Dungeon.
             The game lasted 00:03:30 (1777 turns).

Ekaitz the Firebug (Deep Elf Fire Elementalist)     Turns: 1777, Time: 00:03:30

Health: -4/25      AC:  2    Str:  5    XL:     4   Next: 95%
Magic:  7/11       EV: 13    Int: 20    God:
Gold:   85         SH:  0    Dex: 17    Spells: 7/10 levels left

rFire   . . .        c - +0 dagger
rCold   . . .        (no shield)
rNeg    . . .        a - +0 robe
rPois   .            (no helmet)
rElec   .            (no cloak)
rCorr   .            (no gloves)
SInv    .            (no boots)
Will    .....        k - amulet of regeneration
Stlth   ++           (no ring)
HPRegen 1.04/turn    (no ring)
MPRegen 0.12/turn

%: no passive effects
@: mighty
A: no striking features
a: no special abilities


You were on level 3 of the Dungeon.
You visited 1 branch of the dungeon, and saw 3 of its levels.

You collected 121 gold pieces.
You spent 36 gold pieces at shops.

Inventory:

Hand Weapons
 c - a +0 dagger (weapon)
Armour
 a - a +0 robe (worn)
Jewellery
 k - an amulet of regeneration (around neck)
Wands
 l - a wand of charming (8)
Scrolls
 d - a scroll of identify {unknown}
 h - a scroll of enchant weapon {unknown}
 i - a scroll of fog {unknown}
 j - a scroll of teleportation
Potions
 b - a potion of magic
 f - 2 potions of cancellation {unknown}
 g - a potion of curing {unknown}


   Skills:
 * Level 1.0 Fighting
 * Level 3.0 Dodging
 + Level 3.1 Stealth
 + Level 3.7 Spellcasting
 * Level 2.3 Conjurations
 * Level 4.6 Fire Magic


You had 7 spell levels left.
You knew the following spells:

 Your Spells              Type           Power      Damage    Failure   Level
a - Foxfire               Conj/Fire      68%        2x1d7     3%          1
b - Scorch                Fire           44%        2d6       3%          2

Your spell library contained the following spells:

 Spells                   Type           Power      Damage    Failure   Level
 Freeze                   Ice            12%        1d3       13%         1
 Inner Flame              Hex/Fire       13%        N/A       16%         3
 Volatile Blastmotes      Fire/Tloc      26%        2d12      16%         3
 Hailstorm                Conj/Ice       8%         3d4       24%         3
 Flame Wave               Conj/Fire      17%        2d7       32%         4
 Frozen Ramparts          Ice            6%         1d1       36%         3


Dungeon Overview and Level Annotations

Branches:
Dungeon (3/15)

Altars:

Shops:
D:2 ?


Message History

The orc wizard is burned terribly!
The orc wizard is severely wounded.
The orc priest miscasts a cantrip.
The orc wizard barely misses you.
Unknown command.
You're too confused to move!
The orc wizard hits you but does no damage.
The orc priest hits you with a +0 flail.
* * * LOW HITPOINT WARNING * * *
Unknown command.
It was a potion of might.
You feel very mighty all of a sudden.
The orc wizard is no longer more vulnerable to fire.
The orc wizard casts a spell at you.
You are more confused.
The orc priest looks encouraged for a moment.
You closely miss the orc priest.
The orc priest is heavily wounded.
The orc priest closely misses you. The orc wizard misses you.
You barely miss the orc wizard.
The orc wizard is heavily wounded.
The orc priest miscasts a cantrip.
The orc wizard hits you with a +0 dagger.
You bump into the rock wall.
The orc priest misses you. The orc wizard closely misses you.
You puncture the orc wizard!
You kill the orc wizard!
The orc priest hits you with a +0 flail!
* * * LOW HITPOINT WARNING * * *
Your Fighting skill increases to level 1!
You bump into the rock wall.
The orc priest closely misses you.
You closely miss the orc priest.
The orc priest is heavily wounded.
The orc priest barely misses you.
Things that are here:
a +0 short sword; an orc corpse You feel less confused.
The orc priest mumbles some strange prayers to Beogh against you.
Beogh smites you!
You die...

# ######
#.#....##
#.....o<#
###..@)##
#....#
#....#
#....#
#....#
#....#
#..?..
##.###


You could see an orc priest.

Vanquished Creatures
  An orc wizard (D:3)
  4 gnolls (D:2)
  2 adders (D:2)
  A worm (D:2)
  2 dart slugs
  An orc (D:3)
  7 endoplasms
  2 giant cockroaches (D:2)
  4 goblins
  2 hobgoblins (D:2)
  4 kobolds
  A quokka (D:2)
  4 ball pythons (D:2)
  5 bats
  5 frilled lizards
  3 rats
48 creatures vanquished.

Vanquished Creatures (collateral kills)
  2 foxfires (D:1)
2 creatures vanquished.

Vanquished Creatures (others)
  128 foxfires
128 creatures vanquished.

Grand Total: 178 creatures vanquished

Notes
Turn   | Place    | Note
-------+----------+-------------------------------------------
     0 | D:1      | Ekaitz the Deep Elf Fire Elementalist began the quest for
                  | the Orb.
     0 | D:1      | Reached XP level 1. HP: 10/10 MP: 6/6
   237 | D:1      | Reached XP level 2. HP: 15/15 MP: 5/8
   240 | D:1      | Learned a level 2 spell: Scorch
   991 | D:2      | Reached skill level 4 in Fire Magic
  1056 | D:2      | Found Giqar's Magic Scroll Shop.
  1059 | D:2      | Reached XP level 3. HP: 20/20 MP: 9/9
  1062 | D:2      | Bought a scroll of teleportation for 36 gold pieces
  1281 | D:2      | Reached XP level 4. HP: 24/24 MP: 2/11
  1774 | D:3      | Reached skill level 1 in Fighting
  1777 | D:3      | Killed from afar by an orc priest

Illustrated notes

Levels and vault maps discovered:
D:1:      nzn_arrival_crosshair, layout_basic, serial_forest,
          infiniplex_forest_fountain, infiniplex_forest_3_way,
          infiniplex_forest_clump_medium, infiniplex_forest_clump_small,
          infiniplex_forest_end_1, infiniplex_forest_lined_corner,
          infiniplex_forest_clump_tiny, infiniplex_forest_end_2,
          infiniplex_forest_clump_tiny, infiniplex_forest_straight_4,
          st_stairs_10
D:2:      layout_basic, serial_shops, nicolae_shop_just_a_little_nook
D:3:      layout_basic, uniq_jessica, uniq_terence

Skill      XL: |  1  2  3  4 |
---------------+-------------+-----
Fire Magic     | 4 |  4.6
Conjurations   | 2 |  2.3
Stealth        | 3 |  3.1
Dodging        | 3 |  3.0
Fighting       | 1 |  1.0
Spellcasting   | |  3.7

Action                     |  1- 3 |  4- 6 || total
---------------------------+-------+-------++-------
  Melee: Dagger            |    14 |    12 ||    26
   Cast: Foxfire           |    47 |    24 ||    71
         Scorch            |     4 |     2 ||     6
    Use: Potion            |       |     1 ||     1
   Stab: Sleeping          |     4 |     2 ||     6
         Distracted        |     1 |       ||     1
 Armour: Robe              |     2 |     5 ||     7
  Dodge: Dodged            |    10 |    16 ||    26

Table legend: (Time is in decaauts)
 A = Elapsed time spent in this place.
 B = Non-inter-level travel time spent in this place.
 C = Inter-level travel time spent in this place.
 D = Time resting spent in this place.
 E = Time spent auto-exploring this place.
 F = Levels seen in this place.
 G = Mean time per level.
                   A        B        C        D        E       F      G
               +--------+--------+--------+--------+--------+-----+--------+
         Total |   1776 |   1732 |     44 |     23 |   1437 |   3 |  592.0 |
       Dungeon |   1776 |   1732 |     44 |     23 |   1437 |   3 |  592.0 |
               +--------+--------+--------+--------+--------+-----+--------+

Top non-repeatable levels by time:
     D:2: 901 daAuts
     D:1: 859 daAuts
     D:3: 14 daAuts
